BSA
PORTLAND CARDS @ KANSAS CITY KINGS
07/25/2029
 
TOP OF THE 1ST
Portland Cards batting - Pitching for Kansas City Kings : RHP Raymond Gregg
Pitching: RHP Raymond Gregg
Batting: LHB Joel Nelson 0-0: Fly out, F7 (Flyball, 7)
Batting: RHB António Zúńiga 0-0: Called Strike
0-1: Fly out, F8 (Flyball, 8RD)
Batting: LHB Jeff Daniels 0-0: Called Strike
0-1: Ball
1-1: Ball
2-1: Ground out U3 (Groundball, 3L)
Top of the 1st over - 0 runs, 0 hits, 0 errors, 0 left on base; Portland 0 - Kansas City 0
BOTTOM OF THE 1ST
Kansas City Kings batting - Pitching for Portland Cards : RHP Gustavo Ramos
Pitching: RHP Gustavo Ramos
Batting: RHB Chris Chandler 0-0: Ball
1-0: Foul Ball, location: 2F
1-1: Ball
2-1: Foul Ball, location: 2F
2-2: Ball
3-2: SINGLE (Groundball, 6MD)
Batting: SHB Douglas Taylor 0-0: Called Strike
0-1: Swinging Strike
0-2: Ball
1-2: Ball
Chris Chandler steals 2nd base
2-2: Strikes out swinging
Batting: RHB Toshimichi Kono 0-0: Called Strike
Chris Chandler steals 3rd base
0-1: Ball
1-1: Foul Ball, location: 2F
1-2: Foul Ball, location: 2F
1-2: Ball
2-2: Foul Ball, location: 2F
2-2: Ball
3-2: Fly out, F8 (Flyball, 8RD)
Runner from 3rd tags up, SCORES, no throw
Batting: LHB Ron Crawford 0-0: DOUBLE (Line Drive, 78D)
Batting: RHB Cy Keynes 0-0: Ball
1-0: Ball
2-0: Swinging Strike
2-1: Fly out, F7 (Line Drive, 78M)
Bottom of the 1st over - 1 run, 2 hits, 0 errors, 1 left on base; Portland 0 - Kansas City 1
TOP OF THE 2ND
Portland Cards batting - Pitching for Kansas City Kings : RHP Raymond Gregg
Batting: LHB Paul Mullins 0-0: Ball
1-0: SINGLE (Groundball, 34D)
Batting: RHB Eugene Gill 0-0: Fly out, F9 (Flyball, 89M)
Batting: LHB Chance Santry 0-0: Ball
1-0: Fly out, F8 (Flyball, 8RD)
Batting: RHB Aaron Scott 0-0: Ball
1-0: Called Strike
1-1: Ball
2-1: Ball
3-1: SINGLE (Flyball, 89S)
Paul Mullins to second
Runner from 2nd tries for 3rd, SAFE, no throw
Batting: RHB Mario Méndez 0-0: Ball
1-0: Ball
2-0: SINGLE (Line Drive, 56D)
Paul Mullins scores
Aaron Scott to second
Batting: RHB Gabriel Miranda 0-0: Called Strike
0-1: Ball
1-1: Ball
2-1: Ball
3-1: Foul Ball, location: 2F
3-2: Strikes out looking
Top of the 2nd over - 1 run, 3 hits, 0 errors, 2 left on base; Portland 1 - Kansas City 1
BOTTOM OF THE 2ND
Kansas City Kings batting - Pitching for Portland Cards : RHP Gustavo Ramos
Batting: RHB Dave Parker 0-0: Ball
1-0: Foul Ball, location: 2F
1-1: Ball
2-1: Ball
3-1: Foul Ball, location: 2F
3-2: Base on Balls
Batting: LHB Luis González 0-0: Ball
1-0: SINGLE (Line Drive, 34D)
Dave Parker to second
Batting: RHB Oliver Lugo 0-0: Ball
1-0: Foul Ball, location: 2F
1-1: Grounds into double play, 6-4-3 (Groundball, 6)
Dave Parker to third
Batting: LHB Greg Schultz 0-0: Ball
1-0: Called Strike
1-1: Foul Ball, location: 2F
1-2: Ball
2-2: Foul Ball, location: 2F
2-2: Foul Ball, location: 2F
2-2: Strikes out swinging
Bottom of the 2nd over - 0 runs, 1 hit, 0 errors, 1 left on base; Portland 1 - Kansas City 1
TOP OF THE 3RD
Portland Cards batting - Pitching for Kansas City Kings : RHP Raymond Gregg
Batting: LHB Joel Nelson 0-0: Ball
1-0: Foul Ball, location: 2F
1-1: Ground out 4-3 (Groundball, 4)
Batting: RHB António Zúńiga 0-0: Ball
1-0: Ball
2-0: Fly out, F8 (Line Drive, 8LM)
Batting: LHB Jeff Daniels 0-0: Ball
1-0: Swinging Strike
1-1: Swinging Strike
1-2: Ground out 4-3 (Groundball, 34)
Top of the 3rd over - 0 runs, 0 hits, 0 errors, 0 left on base; Portland 1 - Kansas City 1
BOTTOM OF THE 3RD
Kansas City Kings batting - Pitching for Portland Cards : RHP Gustavo Ramos
Batting: RHB Chris Chandler 0-0: Foul Ball, location: 2F
0-1: Foul Ball, location: 2F
0-2: Ball
1-2: Foul Ball, location: 2F
1-2: Fly out, F5 (Line Drive, 56)
Batting: SHB Douglas Taylor 0-0: Foul Ball, location: 2F
0-1: Swinging Strike
0-2: Ball
1-2: Strikes out swinging
Batting: RHB Toshimichi Kono 0-0: Foul Ball, location: 2F
0-1: Foul Ball, location: 2F
0-2: SINGLE (Line Drive, 56)
Batting: LHB Ron Crawford 0-0: Called Strike
0-1: Ball
1-1: DOUBLE (Line Drive, 9LM)
Toshimichi Kono to third
Runner from 3rd tries for Home, SAFE, no throw
Batting: RHB Cy Keynes 0-0: SINGLE (Groundball, 6MD)
Ron Crawford to third
Runner from 3rd tries for Home, SAFE, no throw
Batting: RHB Dave Parker 0-0: Ball
1-0: Swinging Strike
1-1: Ball
2-1: Ball
3-1: Foul Ball, location: 2F
3-2: Strikes out swinging
Bottom of the 3rd over - 2 runs, 3 hits, 0 errors, 1 left on base; Portland 1 - Kansas City 3
TOP OF THE 4TH
Portland Cards batting - Pitching for Kansas City Kings : RHP Raymond Gregg
Batting: LHB Paul Mullins 0-0: Called Strike
0-1: Ground out 4-3 (Groundball, 4)
Batting: RHB Eugene Gill 0-0: Swinging Strike
0-1: Foul Ball, location: 2F
0-2: Foul Ball, location: 2F
0-2: Foul Ball, location: 2F
0-2: Ball
1-2: Strikes out swinging
Batting: LHB Chance Santry 0-0: Called Strike
0-1: Ball
1-1: Swinging Strike
1-2: Ball
2-2: Ball
3-2: Strikes out looking
Top of the 4th over - 0 runs, 0 hits, 0 errors, 0 left on base; Portland 1 - Kansas City 3
BOTTOM OF THE 4TH
Kansas City Kings batting - Pitching for Portland Cards : RHP Gustavo Ramos
Batting: LHB Luis González 0-0: Ball
1-0: Called Strike
1-1: DOUBLE (Groundball, 5L)
Pinch Runner at 2nd Gregg Nelson:
Batting: RHB Oliver Lugo 0-0: Ball
1-0: SINGLE (Line Drive, 8RS)
Gregg Nelson to third
Batting: LHB Greg Schultz 0-0: Ball
1-0: Ground out U3 (Groundball, 3)
Oliver Lugo to second
Batting: RHB Chris Chandler 0-0: Ball
1-0: Fly out, F3 (Popup, 3SF)
Batting: SHB Douglas Taylor 0-0: Ground out 5-3 (Groundball, 56)
Bottom of the 4th over - 0 runs, 2 hits, 0 errors, 2 left on base; Portland 1 - Kansas City 3
TOP OF THE 5TH
Portland Cards batting - Pitching for Kansas City Kings : RHP Raymond Gregg
Now at SS: Gregg Nelson
Batting: RHB Aaron Scott 0-0: Ball
1-0: SINGLE (Flyball, 89M)
Batting: RHB Mario Méndez 0-0: Fly out, F4 (Popup, 4MD)
Batting: RHB Gabriel Miranda 0-0: Called Strike
0-1: Fly out, F3 (Popup, 13S)
Batting: LHB Joel Nelson 0-0: Called Strike
0-1: Ball
1-1: Foul Ball, location: 2F
1-2: Foul Ball, location: 2F
1-2: Strikes out swinging
Top of the 5th over - 0 runs, 1 hit, 0 errors, 1 left on base; Portland 1 - Kansas City 3
BOTTOM OF THE 5TH
Kansas City Kings batting - Pitching for Portland Cards : RHP Gustavo Ramos
Batting: RHB Toshimichi Kono 0-0: Foul Ball, location: 2F
0-1: Swinging Strike
0-2: Foul Ball, location: 2F
0-2: Ball
1-2: Ball
2-2: Ball
3-2: SINGLE (Line Drive, 8RS)
Batting: LHB Ron Crawford 0-0: Ball
1-0: Ball
2-0: SINGLE (Line Drive, 8RS)
Toshimichi Kono to second
Pitching: RHP Ron Biller
Batting: RHB Cy Keynes 0-0: Ball
1-0: SINGLE (Line Drive, 4M)
Toshimichi Kono to third
Ron Crawford to second
Batting: RHB Dave Parker 0-0: Ball
1-0: Foul Ball, location: 2F
1-1: Swinging Strike
1-2: Grounds into double play, 4-2-3 (Groundball, 4)
Ron Crawford to third
Cy Keynes to second
Batting: RHB Gregg Nelson 0-0: Ball
1-0: Fly out, F4 (Line Drive, 4M)
Bottom of the 5th over - 0 runs, 3 hits, 0 errors, 2 left on base; Portland 1 - Kansas City 3
TOP OF THE 6TH
Portland Cards batting - Pitching for Kansas City Kings : RHP Raymond Gregg
Batting: RHB António Zúńiga 0-0: Ball
1-0: Ball
2-0: Ball
3-0: Base on Balls
Batting: LHB Jeff Daniels 0-0: Ball
1-0: Foul Ball, location: 2F
1-1: Grounds into double play, 6-4-3 (Groundball, 6)
Batting: LHB Paul Mullins 0-0: Ball
1-0: Ball
2-0: Ball
3-0: Base on Balls
Batting: RHB Eugene Gill 0-0: Ball
1-0: SINGLE (Line Drive, 6M)
Paul Mullins to second
Batting: LHB Chance Santry 0-0: Called Strike
0-1: Fly out, F8 (Flyball, 8LM)
Top of the 6th over - 0 runs, 1 hit, 0 errors, 2 left on base; Portland 1 - Kansas City 3
BOTTOM OF THE 6TH
Kansas City Kings batting - Pitching for Portland Cards : RHP Ron Biller
Batting: RHB Oliver Lugo 0-0: Fly out, F8 (Flyball, 8RM)
Batting: LHB Greg Schultz 0-0: Called Strike
0-1: Ball
1-1: Ball
2-1: Ground out 3-1 (Groundball, 34S)
Batting: RHB Chris Chandler 0-0: Ball
1-0: Ball
2-0: Foul Ball, location: 2F
2-1: Foul Ball, location: 2F
2-2: Foul Ball, location: 2F
2-2: Ball
3-2: Foul Ball, location: 2F
3-2: SINGLE (Flyball, 78S)
Batting: SHB Douglas Taylor 0-0: Ball
1-0: Called Strike
1-1: Foul Ball, location: 2F
1-2: Fielders Choice at 2nd, 6-4 (Groundball, 6)
Bottom of the 6th over - 0 runs, 1 hit, 0 errors, 1 left on base; Portland 1 - Kansas City 3
TOP OF THE 7TH
Portland Cards batting - Pitching for Kansas City Kings : RHP Raymond Gregg
Batting: RHB Aaron Scott 0-0: Foul Ball, location: 2F
0-1: Foul Ball, location: 2F
0-2: Fly out, F8 (Flyball, 89XD)
Batting: RHB Mario Méndez 0-0: Ball
1-0: Called Strike
1-1: Called Strike
1-2: Foul Ball, location: 2F
1-2: Ball
2-2: Strikes out swinging
Batting: RHB Gabriel Miranda 0-0: Foul Ball, location: 2F
0-1: Called Strike
0-2: Ball
1-2: Ball
2-2: Strikes out swinging
Top of the 7th over - 0 runs, 0 hits, 0 errors, 0 left on base; Portland 1 - Kansas City 3
BOTTOM OF THE 7TH
Kansas City Kings batting - Pitching for Portland Cards : RHP Ron Biller
Batting: RHB Toshimichi Kono 0-0: Swinging Strike
0-1: Swinging Strike
0-2: Ball
1-2: Ball
2-2: Foul Ball, location: 2F
2-2: Ball
3-2: Base on Balls
Batting: LHB Ron Crawford 0-0: Ball
1-0: Foul Ball, location: 2F
1-1: Fly out, F3 (Line Drive, 3S)
Lined into DP, U3 (Line Drive, 3S)
Batting: RHB Cy Keynes 0-0: Ball
1-0: SINGLE (Groundball, 34S) (infield hit)
Batting: RHB Dave Parker 0-0: Ball
1-0: Called Strike
1-1: Ground out 4-3 (Groundball, 4)
Bottom of the 7th over - 0 runs, 1 hit, 0 errors, 1 left on base; Portland 1 - Kansas City 3
TOP OF THE 8TH
Portland Cards batting - Pitching for Kansas City Kings : RHP Raymond Gregg
Batting: LHB Joel Nelson 0-0: Called Strike
0-1: Foul Ball, location: 2F
0-2: Strikes out swinging
Batting: RHB António Zúńiga 0-0: Fly out, F1 (Line Drive, 13S)
Batting: LHB Jeff Daniels 0-0: Fly out, F6 (Popup, 6MS)
Top of the 8th over - 0 runs, 0 hits, 0 errors, 0 left on base; Portland 1 - Kansas City 3
BOTTOM OF THE 8TH
Kansas City Kings batting - Pitching for Portland Cards : RHP Ron Biller
Batting: RHB Gregg Nelson 0-0: Ball
1-0: Called Strike
1-1: Ball
2-1: SOLO HOME RUN (Flyball, 7D), Distance : 370 ft
Batting: RHB Oliver Lugo 0-0: Ground out 5-3 (Groundball, 5)
Batting: LHB Greg Schultz 0-0: Ball
1-0: Called Strike
1-1: Ground out 4-3 (Groundball, 4)
Batting: RHB Chris Chandler 0-0: Swinging Strike
0-1: SINGLE (Groundball, 56D)
Batting: SHB Douglas Taylor 0-0: Called Strike
0-1: Ball
1-1: SINGLE (Groundball, 34D)
Chris Chandler to second
Runner from 2nd tries for 3rd, SAFE, no throw
Batting: RHB Toshimichi Kono 0-0: Called Strike
0-1: SINGLE (Groundball, 6D)
Chris Chandler scores
Douglas Taylor to second
Pitching: RHP Mike Hodges
Batting: LHB Ron Crawford 0-0: Ball
1-0: Foul Ball, location: 2F
1-1: Foul Ball, location: 2F
1-2: Ball
2-2: Ground out 5-3 (Groundball, 6S)
Bottom of the 8th over - 2 runs, 4 hits, 0 errors, 2 left on base; Portland 1 - Kansas City 5
TOP OF THE 9TH
Portland Cards batting - Pitching for Kansas City Kings : RHP Raymond Gregg
Batting: LHB Paul Mullins 0-0: Ball
1-0: Foul Ball, location: 2F
1-1: Ball
2-1: DOUBLE (Flyball, 89XD)
Batting: RHB Eugene Gill 0-0: Ball
1-0: SINGLE (Line Drive, 6M)
Paul Mullins to third
Pitching: RHP Nick Parks
Batting: LHB Chance Santry 0-0: Ball
1-0: Ball
2-0: Ball
3-0: Called Strike
3-1: Foul Ball, location: 2F
3-2: Grounds into double play, 5-4-3 (Groundball, 56)
Paul Mullins scores
Batting: RHB Aaron Scott 0-0: Ground out 4-3 (Groundball, 4)
Top of the 9th over - 1 run, 2 hits, 0 errors, 0 left on base; Portland 2 - Kansas City 5
Saturday, December 16th, 2017 - OOTP Baseball 18.8 Build 76